 Dungeon Crawl Stone Soup version 0.32-a0-918-g0f22ef8d61 (webtiles) character file.

Game seed: 13120177256620642119

83 zazu2006 the Chiller (level 4, -4/38 HPs)
             Began as a Gnoll Wanderer on Apr 10, 2024.
             Was an Initiate of Vehumet.
             Slain by a gnoll
             ... wielding a +0 halberd
              (10 damage)
             ... on level 3 of the Dungeon.
             The game lasted 00:04:31 (863 turns).

zazu2006 the Chiller (Gnoll Wanderer)                Turns: 863, Time: 00:04:31

Health: -4/38      AC:  6    Str: 11    XL:     4   Next: 44%
Magic:  8/8        EV:  8    Int: 13    God:    Vehumet [......]
Gold:   93         SH:  0    Dex: 12    Spells: 8/9 levels left

rFire   . . .        g - +3 dagger (venom)
rCold   . . .        (no shield)
rNeg    . . .        c - +0 scale mail
rPois   .            (no helmet)
rElec   .            (no cloak)
rCorr   .            (no gloves)
SInv    .            (no boots)
Will    .....        (no amulet) Stlth
                     (no ring)
HPRegen 0.26/turn    (no ring)
MPRegen 0.11/turn

%: clarity
@: no status effects
A: fangs 1, strong nose, distributed training, claws 1, clarity
a: Renounce Religion


You were on level 3 of the Dungeon.
You worshipped Vehumet.
Vehumet was noncommittal.
You visited 1 branch of the dungeon, and saw 3 of its levels.

You collected 93 gold pieces.

Inventory:

Hand Weapons
 a - a +0 dagger
 g - a +3 dagger of venom (weapon)
Armour
 c - a +0 scale mail (worn)
Wands
 l - a wand of iceblast (11)
Scrolls
 d - 2 scrolls of vulnerability {unknown}
 e - 2 scrolls of teleportation
 f - a scroll of identify
Potions
 b - 2 potions of curing
 h - a potion of enlightenment {unknown}
 i - a potion of magic {unknown}
 j - a potion of cancellation {unknown}
 k - a potion of mutation


   Skills:
 + Level 4.6 Fighting
 + Level 1.2 Short Blades
 + Level 1.2 Long Blades
 + Level 1.2 Axes
 + Level 1.2 Maces & Flails
 + Level 1.2 Polearms
 + Level 1.2 Staves
 + Level 1.2 Ranged Weapons
 + Level 2.8 Throwing
 + Level 2.8 Armour
 + Level 1.2 Dodging
 + Level 1.2 Stealth
 + Level 1.2 Shields
 + Level 1.2 Unarmed Combat
 + Level 3.0 Spellcasting
 + Level 1.0 Conjurations
 + Level 1.0 Hexes
 + Level 1.0 Summonings
 + Level 1.0 Necromancy
 + Level 1.0 Translocations
 + Level 1.0 Fire Magic
 + Level 5.5 Ice Magic
 + Level 2.2 Air Magic
 + Level 1.0 Earth Magic
 + Level 1.0 Alchemy
 + Level 1.3 Invocations
 + Level 2.8 Evocations
 + Level 1.1 Shapeshifting


You had 8 spell levels left.
You knew the following spells:

 Your Spells              Type           Power      Damage    Failure   Level
a - Freeze                Ice            64%        1d7       13%         1

Your spell library contained the following spells:

 Spells                   Type           Power      Damage    Failure   Level
 Ensorcelled Hibernation  Hex/Ice        20%        N/A       45%         2
 Mercury Vapours          Alch/Air       12%        N/A       69%         2
 Static Discharge         Conj/Air       12%        3-4/arc   69%         2
 Summon Ice Beast         Ice/Summ       10%        N/A       69%         3


Dungeon Overview and Level Annotations

Branches:
Dungeon (3/15)

Altars:
Vehumet


Innate Abilities, Weirdness & Mutations

You have very sharp teeth.
Your uncanny sense of smell can sniff out nearby items.
Your experience applies equally to all skills.
You have sharp fingernails.
You possess an exceptional clarity of mind.


Message History

The gnoll shouts!
You hear a shout! x4
An orc comes into view. It is wielding a +0 short sword.
A gnoll comes into view. It is wielding a +4 flail.
You see here a scroll labelled MUASIQATOWK.
An orc comes into view. It is wielding a +0 dagger.
A gnoll comes into view. It is wielding a +0 spear.
An orc comes into view. It is wielding a +0 whip.
The gnoll moves out of view.
The orc shouts!
You hear a shout!
The orc hits you but does no damage.
A gnoll comes into view. It is wielding a +0 halberd.
An orc comes into view. It is wielding a +0 flail.
An orc comes into view. It is wielding a +0 hand axe.
The orc shouts!
The gnoll hits you but does no damage.
You see here a quokka corpse.
The orc attacks as it pursues you! The orc hits you with a +0 short sword.
You barely miss the orc.
The orc shouts!
You bite the orc, but do no damage. The orc closely misses you.
You hit the orc.
The orc is severely wounded.
The orc barely misses you.
You hit the orc.
The orc is poisoned.
You bite the orc, but do no damage.
The orc is almost dead.
You barely miss the gnoll. Your bite misses the gnoll.
You kill the orc!
Vehumet accepts your kill.
You closely miss the gnoll. The gnoll hits you with a +4 flail.
The gnoll hits you from afar with a +0 halberd.
You hit the gnoll.
The gnoll is poisoned.
You bite the gnoll, but do no damage.
The gnoll is moderately wounded.
The gnoll hits you with a +4 flail!
The gnoll hits you from afar with a +0 halberd.
You hit the gnoll.
The gnoll is moderately wounded.
The gnoll hits you with a +4 flail!
* * * LOW HITPOINT WARNING * * *
The gnoll hits you from afar with a +0 halberd!
You die...

..###o..#og ...... ...#
...... #..####
......##..#.. ........g#.#
∆ # ........o#.# .#
#..ogg♣♣♣♣♣♣♣♣♣.#
#...#♣g.≈≈≈≈≈..♣
#?..#♣@≈.....≈.♣
#...#♣.≈.≈≈≈.≈.♣
#...#♣.≈≈...≈≈.♣
#...#♣.≈≈._.≈≈.♣
###############♣.≈≈...≈≈.♣
...............♣.≈.≈≈≈.≈.♣
......########.♣.≈.....≈.♣
.........†...#.♣..≈≈≈≈≈..♣
..._.....#...#..♣♣♣♣♣♣♣♣♣..


You could see 3 gnolls and an orc.

Vanquished Creatures
  4 adders (D:2)
  3 dart slugs
  An orc (D:3)
  4 ball pythons (D:2)
  4 endoplasms
  A giant cockroach (D:1)
  2 goblins (D:1)
  4 hobgoblins
  3 jackals (D:3)
  4 kobolds
  3 quokkas
  2 bats
  A frilled lizard (D:2)
  3 rats
39 creatures vanquished.

Notes
Turn   | Place    | Note
-------+----------+-------------------------------------------
     0 | D:1      | zazu2006 the Gnoll Wanderer began the quest for the Orb.
     0 | D:1      | zazu2006 set off with the following items: a +0 dagger, a
                  | potion of curing, a +0 scale mail; and the following spell
                  | memorised: Freeze; and the following spells available to
                  | memorise: Ensorcelled Hibernation, Mercury Vapours, Static
                  | Discharge, Summon Ice Beast.
     0 | D:1      | Reached XP level 1. HP: 20/20 MP: 4/4
    61 | D:1      | Reached XP level 2. HP: 14/26 MP: 5/5
   188 | D:1      | HP: 1/26 [poisoned by a goblin]
   472 | D:2      | Reached XP level 3. HP: 31/31 MP: 7/7
   607 | D:2      | Reached skill level 1 in Invocations
   659 | D:2      | Reached skill level 1 in Short Blades
   659 | D:2      | Reached skill level 1 in Long Blades
   659 | D:2      | Reached skill level 1 in Axes
   659 | D:2      | Reached skill level 1 in Maces & Flails
   659 | D:2      | Reached skill level 1 in Polearms
   659 | D:2      | Reached skill level 1 in Staves
   659 | D:2      | Reached skill level 1 in Ranged Weapons
   659 | D:2      | Reached skill level 1 in Dodging
   659 | D:2      | Reached skill level 1 in Stealth
   659 | D:2      | Reached skill level 1 in Shields
   659 | D:2      | Reached skill level 1 in Unarmed Combat
   666 | D:2      | Reached skill level 1 in Shapeshifting
   666 | D:2      | Reached XP level 4. HP: 13/38 MP: 8/8
   710 | D:2      | Gained mutation: You have sharp fingernails. [potion of
                  | mutation]
   710 | D:2      | Gained mutation: You possess an exceptional clarity of
                  | mind. [potion of mutation]
   786 | D:3      | Found a faded altar of an unknown god.
   819 | D:3      | Found a radiant altar of Vehumet.
   828 | D:3      | Became a worshipper of Vehumet
   842 | D:3      | Reached skill level 1 in Conjurations
   842 | D:3      | Reached skill level 1 in Hexes
   842 | D:3      | Reached skill level 1 in Summonings
   842 | D:3      | Reached skill level 1 in Necromancy
   842 | D:3      | Reached skill level 1 in Translocations
   842 | D:3      | Reached skill level 1 in Fire Magic
   842 | D:3      | Reached skill level 1 in Earth Magic
   842 | D:3      | Reached skill level 1 in Alchemy
   863 | D:3      | Slain by a gnoll

Illustrated notes

Levels and vault maps discovered:
D:1:      dpeg_arrival_short_road, layout_basic
D:2:      layout_basic, minmay_tetromino_l2
D:3:      layout_basic, mainiacjoe_overflow_divided_tiny,
          mainiacjoe_overflow_paths, ebering_ecumenical_altar_sacrificial,
          minmay_pentomino_pile, uniq_ijyb

Skill      XL: |  1  2  3  4 |
---------------+-------------+-----
Air Magic      | 2 |  2.2
Invocations    | 1 |  1.3
Short Blades   | 1 |  1.2
Long Blades    | 1 |  1.2
Axes           | 1 |  1.2
Maces & Flails | 1 |  1.2
Polearms       | 1 |  1.2
Staves         | 1 |  1.2
Ranged Weapons | 1 |  1.2
Dodging        | 1 |  1.2
Stealth        | 1 |  1.2
Shields        | 1 |  1.2
Unarmed Combat | 1 |  1.2
Shapeshifting  | 1 |  1.1
Spellcasting   | 3 |  3.0
Conjurations   | 1 |  1.0
Hexes          | 1 |  1.0
Summonings     | 1 |  1.0
Necromancy     | 1 |  1.0
Translocations | 1 |  1.0
Fire Magic     | 1 |  1.0
Earth Magic    | 1 |  1.0
Alchemy        | 1 |  1.0
Fighting       | |  4.6
Throwing       | |  2.8
Armour         | |  2.8
Ice Magic      | |  5.5
Evocations     | |  2.8

Action                     |  1- 3 |  4- 6 || total
---------------------------+-------+-------++-------
  Melee: Dagger            |   112 |    33 ||   145
         Bite              |    14 |     6 ||    20
   Cast: Freeze            |     4 |       ||     4
    Use: Scroll            |     1 |     1 ||     2
         Potion            |       |     1 ||     1
 Armour: Scale mail        |   106 |    28 ||   134
  Dodge: Dodged            |    39 |    11 ||    50

Table legend: (Time is in decaauts)
 A = Elapsed time spent in this place.
 B = Non-inter-level travel time spent in this place.
 C = Inter-level travel time spent in this place.
 D = Time resting spent in this place.
 E = Time spent auto-exploring this place.
 F = Levels seen in this place.
 G = Mean time per level.
                   A        B        C        D        E       F      G
               +--------+--------+--------+--------+--------+-----+--------+
         Total |    857 |    785 |     72 |      0 |    249 |   3 |  285.7 |
       Dungeon |    857 |    785 |     72 |      0 |    249 |   3 |  285.7 |
               +--------+--------+--------+--------+--------+-----+--------+

Top non-repeatable levels by time:
     D:1: 394 daAuts
     D:2: 314 daAuts
     D:3: 149 daAuts
